 Dungeon Crawl Stone Soup version 0.16.1-30-g34a7ffa (webtiles) character file.

148 Gargoyl the Skirmisher (level 5, -9/49 HPs)
             Began as a Gargoyle Berserker on June 26, 2015.
             Was a Priest of Trog.
             Killed by nerve-wracking pain
             ... invoked by Menkaure
              (13 damage)
             ... on level 4 of the Dungeon.
             The game lasted 00:12:27 (2645 turns).

Gargoyl the Skirmisher (Gargoyle Berserker)         Turns: 2645, Time: 00:12:27

Health: -9/49      AC: 10    Str: 27    XL:     5   Next: 30%
Magic:  5/5        EV: 10    Int:  7    God:    Trog [***...]
Gold:   200        SH:  0    Dex:  9    Spells: 0 memorised, 4 levels left

rFire  . . .     SeeInvis .     m - +0 mace (venom)
rCold  . . .     Clarity  .     k - +0 scale mail
rNeg   + . .     SustAb   .     (no shield)
rPois  ∞         Gourm    .     (no helmet)
rElec  +         Spirit   .     (no cloak)
rCorr  .         Warding  .     (no gloves)
rMut   .         Stasis   .     (no boots)
MR     ++...                    (no amulet)
Stlth  ..........               (no ring)
                                (no ring)

@: berserking, regenerating, very quick, very resistant to hostile enchantments,
extremely unstealthy
A: negative energy resistance 1, electricity resistance, unbreathing,
petrification resistance, rot immunity, AC +4
a: Burn Spellbooks, Berserk, Trog's Hand, Renounce Religion


You were on level 4 of the Dungeon.
You worshipped Trog.
Trog was most pleased with you.
You were not hungry.

You visited 1 branch of the dungeon, and saw 4 of its levels.

You collected 200 gold pieces.

Inventory:

Hand weapons
 m - a +0 mace of venom (weapon)
Armour
 k - a +0 scale mail (worn)
Jewellery
 e - an uncursed ring of wizardry {unknown}
Scrolls
 b - a scroll of random uselessness {unknown}
 d - 4 scrolls of teleportation {unknown}
 h - 2 scrolls of identify {unknown}
 o - 2 scrolls of remove curse {unknown}
Potions
 f - a potion of resistance {unknown}
 g - a potion of brilliance {unknown}
 j - 2 potions of curing {unknown}
 l - a potion of restore abilities {unknown}
 n - a potion of heal wounds {unknown}
 p - 2 potions of agility {unknown}
 q - a potion of haste {unknown}
 r - a potion of magic {unknown}
Comestibles
 a - a slice of pizza
 c - 2 bread rations
 i - 2 meat rations


   Skills:
 + Level 4.1 Fighting
 + Level 4.0 Maces & Flails
 + Level 3.5 Armour
 + Level 2.3 Dodging
 + Level 0.5 Stealth


You had 4 spell levels left.
You didn't know any spells.

Dungeon Overview and Level Annotations

Branches:
Dungeon (4/15)
 Temple: D:4-7

Altars:
Ru

Annotations:
D:4 Menkaure


Innate Abilities, Weirdness & Mutations

You are resistant to torment.
You are immune to poison.
Your stone body is very resilient (AC +4).
You resist negative energy.
You are resistant to electric shocks.
You can survive without breathing.
You are immune to petrification.
You are immune to rotting.


Message History

The kobold barely misses you. Menkaure barely misses you.
You sock Menkaure!
Menkaure is moderately damaged.
The centaur skeleton hits you but does no damage.
The kobold hits you but does no damage. Menkaure barely misses you.
You hit Menkaure.
Menkaure is heavily damaged.
The centaur skeleton hits you.
* * * LOW HITPOINT WARNING * * *
Menkaure calls on the powers of darkness!
You feel a surge of unholy energy.
The kobold convulses!
You thump Menkaure!
Menkaure is almost destroyed.
The centaur skeleton hits you.
* * * LOW HITPOINT WARNING * * *
The kobold hits you with an enchanted dagger.
* * * LOW HITPOINT WARNING * * *
Menkaure casts a spell at you. Pain shoots through your body!
You die...

#######.######...........#
............M............#
..####......#............#
#........##..........##
....$....................
.##.#......##.##.###....#
...#......##..#......... #
##...#####.#Z..#.#..)
....# #...@M........ ...#
#.#..K.##.#... #.....#...#
#.#.........
...#.......... ...
.......... # #.......##
###..... ..##


You could see Menkaure, a kobold and a centaur skeleton.

Vanquished Creatures
  An orc wizard (D:3)
  4 adders
  2 worms
  2 oozes (D:2)
  10 orcs (D:3)
  6 goblins
  5 hobgoblins
  6 jackals (D:1)
  A quokka (D:2)
  A ball python (D:1)
  4 bats (D:3)
  4 giant geckos
  6 giant newts
  6 kobolds
  5 rats
63 creatures vanquished.

Notes
Turn   | Place    | Note
--------------------------------------------------------------
     0 | D:1      | Gargoyl, the Gargoyle Berserker, began the quest for the Orb.
     0 | D:1      | Reached XP level 1. HP: 14/14 MP: 1/1
   312 | D:1      | Reached XP level 2. HP: 19/19 MP: 2/2
   965 | D:2      | Reached XP level 3. HP: 21/24 MP: 3/3
  1007 | D:2      | Acquired Trog's second power
  1299 | D:2      | Reached skill level 4 in Fighting
  1491 | D:2      | Reached XP level 4. HP: 26/29 MP: 4/4
  1892 | D:3      | Reached XP level 5. HP: 22/33 MP: 5/5
  2545 | D:3      | Found a sacrificial altar of Ru.
  2618 | D:4      | Noticed Menkaure
  2645 | D:4      | Killed from afar by Menkaure

Action                   |  1- 3 |  4- 6 || total
-------------------------+-------+-------++-------
Melee: Mace              |   102 |    84 ||   186
Invok: Burn Spellbooks   |     1 |       ||     1
       Berserk           |       |     1 ||     1
       Trog's Hand       |       |     1 ||     1
  Eat: Pizza             |     1 |       ||     1
       Bread ration      |       |     1 ||     1
